 Dungeon Crawl Stone Soup version 0.30-a0-172-gc5509c9e31 (webtiles) character file.

Game seed: 4785588847983182578

9 blackman the Shield-Bearer (level 1, 0/17 HPs)
             Began as a Demigod Wanderer on Oct 1, 2022.
             Slain by a quokka (5 damage)
             ... on level 1 of the Dungeon.
             The game lasted 00:00:23 (104 turns).

blackman the Shield-Bearer (Demigod Wanderer)        Turns: 104, Time: 00:00:24

Health: 0/17       AC:  2    Str: 10    XL:     1   Next: 93%
Magic:  3/3        EV: 10    Int: 18    God:
Gold:   0          SH:  7    Dex: 18    Spells: 0/0 levels left

rFire   . . .      SeeInvis .    a - +1 falchion
rCold   . . .      Faith    .    b - +2 buckler
rNeg    . . .      Spirit   .    d - +0 robe
rPois   .          Reflect  .    (no helmet)
rElec   .          Harm     .    (no cloak)
rCorr   .          Rampage  .    (no gloves)
Will    .....                    (no boots)
Stlth   ++........               (no amulet)
HPRegen 0.22/turn                g - +6 ring of intelligence
MPRegen 0.08/turn                (no ring)

@: no status effects
A: high MP 1, forlorn, divine attributes
a: no special abilities


You were on level 1 of the Dungeon.
You visited 1 branch of the dungeon, and saw 1 of its levels.

Inventory:

Hand Weapons
 a - a +1 falchion (weapon)
Armour
 b - a +2 buckler (worn)
 d - a +0 robe (worn)
Jewellery
 g - a +6 ring of intelligence (left hand)
Potions
 c - a potion of curing
 e - a potion of might {unknown}
 f - a potion of resistance {unknown}
 h - a potion of brilliance {unknown}


   Skills:
 - Level 1.7 Fighting
 + Level 2.5 Long Blades
 - Level 1.0 Armour
 - Level 1.0 Stealth
 - Level 3.6 Shields


You couldn't memorise any spells.
You didn't know any spells.
Your spell library was empty.

Dungeon Overview and Level Annotations

Branches:
Dungeon (1/15)


Innate Abilities, Weirdness & Mutations

You have an increased reservoir of magic. (+10% MP)
You shall have no god before yourself.
Your divine heritage dramatically boosts your attributes as you level up.


Message History

The jackal is moderately wounded.
The jackal bites you. x2
You hit the jackal.
The jackal is severely wounded.
The jackal bites you but does no damage.
The jackal completely misses you.
You hit the jackal but do no damage.
The jackal is heavily wounded.
The jackal bites you.
You closely miss the jackal.
The jackal is heavily wounded.
You block the jackal's attack. The jackal completely misses you.
You barely miss the jackal.
The jackal is heavily wounded.
The jackal bites you. x2
The giant cockroach waves its antennae.
You are too injured to fight recklessly!
You are too injured to fight recklessly!
You are too injured to fight recklessly!
You are too injured to fight recklessly!
You are too injured to fight recklessly!
You are too injured to fight recklessly!
You are too injured to fight recklessly!
You are too injured to fight recklessly!
You are too injured to fight recklessly!
You hit the jackal.
You kill the jackal!
The bat hits you but does no damage. You block the quokka's attack.
You miss the quokka. The quokka bites you.
A kobold comes into view. It is wielding a +0 short sword.
The kobold shouts!
You hit the quokka.
The quokka is heavily wounded.
The quokka bites you.
* * * LOW HITPOINT WARNING * * *
You block the quokka's attack.
You hit the quokka but do no damage.
The quokka is heavily wounded.
The quokka bites you.
You die...

### #.. # #.#
...## #.#
..K..b##.#####.#
.....Br@........
.##...##.######
##.. #.# ....
#.#
###..##.#####
............## .
###..##.####.#
..###..##.# #.#
........#.# #.#
.#


You could see a quokka, a giant cockroach, a bat and a kobold.

Vanquished Creatures
  A dart slug (D:1)
  4 jackals (D:1)
  A bat (D:1)
  A kobold (D:1)
7 creatures vanquished.

Notes
Turn   | Place    | Note
-------+----------+-------------------------------------------
     0 | D:1      | blackman the Demigod Wanderer began the quest for the Orb.
     0 | D:1      | blackman set off with the following items: a +1 falchion, a
                  | +2 buckler, a potion of curing, a +0 robe.
     0 | D:1      | Reached XP level 1. HP: 17/17 MP: 3/3
   104 | D:1      | Slain by a quokka

Illustrated notes

Levels and vault maps discovered:
D:1:      roderic_crossed_star, layout_basic

Skill      XL: |  1 |
---------------+----+-----
Long Blades    | 2 |  2.5
Fighting       | |  1.7
Armour         | |  1.0
Stealth        | |  1.0
Shields        | |  3.6

Action                   || total
-------------------------++-------
Melee: Falchion          ||    29
Armor: Robe              ||     7
Dodge: Dodged            ||    15
Block: Buckler           ||    12

Table legend: (Time is in decaauts)
 A = Elapsed time spent in this place.
 B = Non-inter-level travel time spent in this place.
 C = Inter-level travel time spent in this place.
 D = Time resting spent in this place.
 E = Time spent auto-exploring this place.
 F = Levels seen in this place.
 G = Mean time per level.
                   A        B        C        D        E       F      G
               +--------+--------+--------+--------+--------+-----+--------+
         Total |    110 |    110 |      0 |      0 |     47 |   1 |  110.0 |
       Dungeon |    110 |    110 |      0 |      0 |     47 |   1 |  110.0 |
               +--------+--------+--------+--------+--------+-----+--------+

Top non-repeatable levels by time:
     D:1: 110 daAuts
